 Dungeon Crawl Stone Soup version 0.17-a0-2014-g32cd421 (webtiles) character file.

35 endege the Sneak (level 3, -1/27 HPs)
             Began as a Vampire Assassin on Oct 9, 2015.
             Slain by a goblin
             ... wielding a +0 club
             ... led by Robin
              (5 damage)
             ... on level 2 of the Dungeon.
             The game lasted 00:13:20 (1078 turns).

endege the Sneak (Vampire Assassin)                 Turns: 1078, Time: 00:13:20

Health: -1/27      AC:  0    Str:  5    XL:     3   Next: 16%
Magic:  1/3        EV: 20    Int: 13    God:
Gold:   66         SH:  0    Dex: 21    Spells: 0 memorised, 2 levels left

rFire  . . .     SeeInvis +     (weapon currently unavailable)
rCold  . . .     Clarity  .     (armour currently unavailable)
rNeg   + . .     SustAt   .     (shield currently unavailable)
rPois  .         Gourm    .     (helmet currently unavailable)
rElec  .         Spirit   .     (cloak currently unavailable)
rCorr  .         Warding  .     (gloves currently unavailable)
rMut   .         Stasis   .     (boots currently unavailable)
MR     .....                    (no amulet)
Stlth  ++++......               (ring currently unavailable)
                                (ring currently unavailable)

@: bat-form, flying, very quick, not resistant to hostile enchantments, stealthy
A: (fangs 0), see invisible, (unbreathing)
a: End Transformation


You were on level 2 of the Dungeon.
You were not thirsty.
You were in vampire-bat-form.
You visited 1 branch of the dungeon, and saw 2 of its levels.

You collected 66 gold pieces.

Inventory:

Hand Weapons
 a - a +2 dagger
 b - a +0 blowgun
 j - a +0 dagger
 l - a +0 spear
 n - a +0 club
 q - a +0 spear
 r - a +1 whip of pain
 u - a +2 dagger of speed (melded)
Missiles
 e - 8 poisoned needles (quivered)
 f - 2 curare-tipped needles
 i - 24 stones
Armour
 c - a +0 robe (melded)
 d - a +0 cloak
 k - a +0 large shield
 m - a +0 ring mail
 o - a +2 cloak (melded)
 t - a +0 robe
Jewellery
 p - a ring of ice (melded)
 s - a ring of protection from cold (melded)
Potions
 g - 13 potions of blood
 h - a potion of curing


   Skills:
 + Level 2.1 Fighting
 + Level 2.2 Short Blades
 + Level 1.7 Throwing
 + Level 1.8 Dodging
 + Level 6.7 Stealth


You had 2 spell levels left.
You didn't know any spells.

Dungeon Overview and Level Annotations

Branches:
Dungeon (2/15)

Altars:

Annotations:
D:2 Robin


Innate Abilities, Weirdness & Mutations

((You have razor-sharp teeth.))
You have supernaturally acute eyesight.
((You can survive without breathing.))


Message History

You turn into a vampire bat.
Your +2 dagger of speed melds into your body.
Your +2 cloak melds into your body.
Your +0 robe melds into your body.
Your ring of ice melds into your body.
Your ring of protection from cold melds into your body.
The goblin completely misses you. The goblin misses you.
The goblin hits you with a club.
* * * LOW HITPOINT WARNING * * *
Robin roars a battlecry!
The hobgoblin goes into a battle-frenzy!
The goblin barely misses you.
A hobgoblin comes into view.
Really attack barehanded? [Y]es or [N]o only, please.
Really attack barehanded?
Okay, then.
The goblin hits you but does no damage. The hobgoblin hits you.
* * * LOW HITPOINT WARNING * * *
The goblin hits you with a club.
You die...

##### ...#
#.############
#............#
#gg#########.# #b(#
#.##### #....gggg.#
#...... ####..g...#
##.#####
#g#.....#####...####
#.#...#.............
g.##....#####...###.
## #..#.# ###.####.
#....# #........
#.#..# #)#.####.


You could see Robin, 3 hobgoblins and 5 goblins.

Vanquished Creatures
  An ooze (D:1)
  A giant gecko (D:2)
  A giant cockroach (D:1)
  5 hobgoblins
  2 jackals (D:1)
  A bat (D:1)
  6 goblins
  5 kobolds
  5 rats
27 creatures vanquished.

Notes
Turn   | Place    | Note
--------------------------------------------------------------
     0 | D:1      | endege the Vampire Assassin began the quest for the Orb.
     0 | D:1      | Reached XP level 1. HP: 16/16 MP: 1/1
    28 | D:1      | Reached skill level 6 in Stealth
   436 | D:1      | Reached XP level 2. HP: 20/22 MP: 2/2
   983 | D:2      | Reached XP level 3. HP: 17/27 MP: 3/3
  1063 | D:2      | Noticed Robin
  1078 | D:2      | Slain by a goblin

Vault maps used:
D:1:      dpeg_arrival_tiny_j, minmay_statues_item
D:2:      minmay_door_path, elyvilon_altar_5, item_on_display_a, uniq_robin

Action                   || total
-------------------------++-------
Melee: Dagger            ||    78
 Abil: Bat Form          ||     1
  Use: Scroll            ||     4
       Potion            ||     1
 Stab: Sleeping          ||     4
